 Dungeon Crawl Stone Soup version 0.21-a0-196-g6a663c0 (webtiles) character file.

173 4thArraOfDagon the Skirmisher (level 5, 0/64 HPs)
             Began as a Barachi Abyssal Knight on Aug 15, 2017.
             Was a Believer of Lugonu.
             Succumbed to a worker ant's poison
             ... on level 4 of the Dungeon.
             The game lasted 00:05:30 (1786 turns).

4thArraOfDagon the Skirmisher (BaAK)                Turns: 1786, Time: 00:05:30

Health: 0/64       AC:  7    Str: 19    XL:     5   Next: 53%
Magic:  6/6        EV: 10    Int: 13    God:    Lugonu [**....]
Gold:   226        SH:  0    Dex: 11    Spells: 4/4 levels left

rFire    . . .     SeeInvis .   a - +1 mace
rCold    . . .     Gourm    .   (no shield)
rNeg     . . .     Faith    .   v - +1 scale mail
rPois    .         Spirit   .   (no helmet)
rElec    .         Reflect  .   (no cloak)
rCorr    .         Harm     .   (no gloves)
MR       .....                  (no boots)
Stlth    ..........             (no amulet)
HPRegen  0.20/turn              (no ring)
MPRegen  0.10/turn              (no ring)

@: berserking, lethally poisoned (0 -> -8), quick
A: +LOS, swims, slowness 1, strong legs 1
a: Hop, Depart the Abyss, Bend Space, Renounce Religion


You were on level 4 of the Dungeon.
You worshipped Lugonu.
Lugonu was pleased with you.
You were not hungry.

You visited 1 branch of the dungeon, and saw 4 of its levels.
You visited the Abyss 1 time.

You collected 226 gold pieces.

Inventory:

Hand Weapons
 a - a +1 mace (weapon)
 u - a +0 blowgun
Armour
 b - a +0 leather armour
 e - a +0 ring mail
 v - a +1 scale mail (worn)
Scrolls
 d - a scroll of amnesia {unknown}
 h - a scroll of magic mapping {unknown}
 j - a scroll of recharging {unknown}
 k - a scroll of immolation {unknown}
 o - 3 scrolls of enchant armour
 q - a scroll of identify {unknown}
 t - a scroll of blinking {unknown}
Potions
 f - a potion of degeneration {unknown}
 i - a potion of berserk rage
 m - a potion of haste {unknown}
 r - a potion of magic {unknown}
 s - a potion of lignification {unknown}
Comestibles
 c - 5 bread rations
 l - 2 meat rations


   Skills:
 + Level 4.6 Fighting
 * Level 3.9 Maces & Flails
 + Level 3.4 Armour
 + Level 2.3 Dodging
 + Level 2.3 Invocations


You had 4 spell levels left.
You didn't know any spells.

Dungeon Overview and Level Annotations

Branches:
Dungeon (4/15)
 Temple: D:4-7

Altars:
Dithmenos
Wu Jian


Innate Abilities, Weirdness & Mutations

Shadows flee at your approach. (+LOS)
You can swim through water.
You cover ground slowly.
You can hop short distances.


Message History

The worker ant is almost dead.
You feel sick. The worker ant bites you.
* * * LOW HITPOINT WARNING * * *
You are more poisoned.
The worker ant poisons you!
You hit the worker ant.
You kill the worker ant!
Lugonu accepts your kill.
* * * LOW HITPOINT WARNING * * *
You feel sick.
Unknown command.
It was a potion of berserk rage.
A red film seems to cover your vision as you go berserk!
You feel yourself moving faster!
You feel mighty!
* * * LOW HITPOINT WARNING * * *
You feel sick.
You feel a strong urge to attack something.
* * * LOW HITPOINT WARNING * * *
You feel sick.
You die...

#...#
####.........
#####
#............
#............
#....# #....#
#....# #....#
#....# #.@..#
######


There were no monsters in sight!

Vanquished Creatures
  Jessica (D:2)
  2 worker ants (D:4)
  2 adders
  4 worms
  2 leopard geckos (D:1)
  3 orcs (D:3)
  3 ball pythons
  4 bats
  3 giant cockroaches
  8 hobgoblins
  6 jackals (D:3)
  6 kobolds
  A quokka (D:3)
  2 frilled lizards
  7 goblins
  10 rats
64 creatures vanquished.

Notes
Turn   | Place    | Note
-------+----------+-------------------------------------------
     0 | Abyss:1  | 4thArraOfDagon the Barachi Abyssal Knight began the quest for the Orb.
     0 | Abyss:1  | Reached XP level 1. HP: 18/18 MP: 2/2
     0 | Abyss:1  | 4thArraOfDagon: hi
    43 | Abyss:2  | Enish: hello
    43 | Abyss:2  | Found a radiant altar of Vehumet.
    75 | Abyss:2  | Noticed an ancient zyme
    76 | Abyss:2  | Noticed a raiju
    76 | Abyss:2  | Noticed a raiju
    76 | Abyss:2  | Noticed a raiju
    76 | D:1      | Escaped the Abyss
   223 | D:1      | Reached XP level 2. HP: 23/25 MP: 3/3
   387 | D:1      | Reached * piety under Lugonu
   512 | D:1      | Reached skill level 4 in Fighting
   654 | D:1      | Reached XP level 3. HP: 27/30 MP: 4/4
  1112 | D:2      | Reached XP level 4. HP: 37/37 MP: 5/5
  1134 | D:2      | Noticed Jessica
  1142 | D:2      | Killed Jessica
  1173 | D:2      | Reached ** piety under Lugonu
  1632 | D:3      | Found a shadowy altar of Dithmenos.
  1633 | D:3      | Found an ornate altar of the Wu Jian Council.
  1714 | D:4      | Reached XP level 5. HP: 29/43 MP: 6/6
  1727 | D:4      | Noticed an ogre
  1783 | D:4      | HP: 2/43 [poisoned by a worker ant]
  1786 | D:4      | Succumbed to a worker ant's poison

Vault maps used:
D:1:      lightli_iron_boxes
D:2:      first_bread, uniq_jessica
D:3:      gammafunk_temple_overflow_pools, uniq_sigmund
D:4:      nicolae_overflow_hidden_temple, makhleb_heckhound_becter,
          minmay_temple_entry_statues_fountains, serial_shops, shop
Abyss:2:  hangedman_decor_lopped, minivault_28

Skill      XL: |  1  2  3  4 |
---------------+-------------+-----
Fighting       | 4 |  4.6
Maces & Flails | 3 |  3.9
Armour         | 3 |  3.4
Invocations    | 2 |  2.3
Dodging        | 2 |  2.3

Action                   |  1- 3 |  4- 6 || total
-------------------------+-------+-------++-------
Melee: Mace              |   121 |    98 ||   219
Invok: Depart the Abyss  |     1 |       ||     1
  Use: Potion            |       |     3 ||     3
       Scroll            |       |     3 ||     3
  Eat: Fruit             |     3 |       ||     3
       Royal jelly       |       |     1 ||     1
Armor: Leather armour    |     2 |       ||     2
       Ring mail         |    49 |    10 ||    59
       Scale mail        |       |    29 ||    29
Dodge: Dodged            |    78 |    49 ||   127
